 Dungeon Crawl Stone Soup version 0.29-a0-321-gf1c400731a (webtiles) character file.

Game seed: 10379751122047226668

515 GigaChad the Ruffian (level 7, -3/66 HPs)
             Began as a Troll Warper on Apr 2, 2022.
             Was a Follower of Wu Jian.
             Slain by a killer bee (4 damage)
             ... on level 5 of the Dungeon on Apr 4, 2022.
             The game lasted 00:21:21 (2989 turns).

GigaChad the Ruffian (Troll Warper)                 Turns: 2989, Time: 00:21:21

Health: -3/66      AC:  5    Str: 20    XL:     7   Next: 0%
Magic:  8/8        EV: 10    Int:  9    God:    Wu Jian [*.....]
Gold:   117        SH:  0    Dex: 11    Spells: 8/8 levels left

rFire   x . .      SeeInvis .   r - +1 trident (freeze)
rCold   + . .      Faith    .   (no shield)
rNeg    . . .      Spirit   .   a - +1 robe
rPois   .          Reflect  .   (helmet restricted)
rElec   .          Harm     .   (no cloak)
rCorr   .          Rampage  .   (gloves unavailable)
Will    .....                   (boots unavailable)
Stlth   +.........              (no amulet)
HPRegen 1.01/turn               i - ring of ice
MPRegen 0.11/turn               (no ring)

@: lethally poisoned (-3 -> -3)
A: large, unfitting armour, claws 3, regeneration 1, shaggy fur 1, tough skin 1
a: Renounce Religion


You were on level 5 of the Dungeon.
You worshipped Wu Jian.
Wu Jian was aware of your devotion.
You visited 2 branches of the dungeon, and saw 6 of its levels.

You collected 117 gold pieces.

Inventory:

Hand Weapons
 e - a +0 long sword
 l - a +0 war axe
 r - a +1 trident of freezing (weapon)
Armour
 a - a +1 robe (worn)
 c - an orb of light
 q - a +0 scale mail
 s - a +0 chain mail
Magical Staves
 d - a staff of air
Jewellery
 i - a ring of ice (left claw)
Scrolls
 b - a scroll of blinking
 m - a scroll of silence {unknown}
 n - a scroll of immolation {unknown}
 o - a scroll of identify
Potions
 f - 6 potions of curing {unknown}
 g - a potion of invisibility {unknown}
 h - 2 potions of might
 j - a potion of brilliance {unknown}
 k - a potion of heal wounds {unknown}
 p - a potion of attraction {unknown}


   Skills:
 + Level 2.3 Fighting
 + Level 0.6 Polearms
 + Level 1.4 Throwing
 + Level 3.2 Dodging
 + Level 1.1 Stealth
 + Level 5.3 Unarmed Combat
 + Level 1.3 Spellcasting
 + Level 2.5 Translocations


You had 8 spell levels left.
You didn't know any spells.
Your spell library contained the following spells:

 Spells                   Type           Power      Damage    Failure   Level
 Blink                    Tloc           10%        N/A       19%         2
 Gell's Gravitas          Tloc           5%         N/A       36%         3
 Lesser Beckoning         Tloc           5%         N/A       36%         3
 Teleport Other           Tloc           5%         N/A       36%         3
 Manifold Assault         Tloc           5%         N/A       98%         5


Dungeon Overview and Level Annotations

Branches:
Dungeon (5/15)             Temple (1/1) D:4

Altars:
Cheibriados
Dithmenos
Elyvilon
Fedhas
Hepliaklqana
Kikubaaqudgha
Nemelex Xobeh
Okawaru
Qazlal
Sif Muna
Trog
Uskayaw
Vehumet
Wu Jian
Yredelemnul
Zin
The Shining One


Innate Abilities, Weirdness & Mutations

You are too large for most types of armour.
You have claws for hands.
Your natural rate of healing is unusually fast.
You are covered in fur. (AC +1)
You have tough skin. (AC +1)


Message History

The killer bee barely misses you. The killer bee stings you.
The killer bee barely misses you.
You miss the killer bee. The killer bee stings you. x2
You are poisoned.
The killer bee poisons you! The killer bee barely misses you.
The killer bee stings you but does no damage.
You closely miss the killer bee.
You feel sick. The killer bee misses you. The killer bee stings you.
The killer bee stings you but does no damage.
The killer bee closely misses you. The killer bee stings you!
* * * LOW HITPOINT WARNING * * *
You are more poisoned.
The killer bee poisons you! The killer bee barely misses you.
You closely miss the killer bee.
You feel very sick.
The killer bee stings you but does no damage.
The killer bee barely misses you. x2; The killer bee misses you.
You closely miss the killer bee.
You feel sick. The killer bee stings you.
* * * LOW HITPOINT WARNING * * *
The killer bee closely misses you.
The killer bee stings you but does no damage.
The killer bee closely misses you.
The killer bee stings you but does no damage.
The killer bee stings you.
* * * LOW HITPOINT WARNING * * *
You barely miss the killer bee.
You feel sick. The killer bee closely misses you. x2
The killer bee stings you but does no damage. x2
The killer bee closely misses you.
The killer bee stings you but does no damage.
You closely miss the killer bee.
You feel sick. The killer bee barely misses you. The killer bee stings you.
* * * LOW HITPOINT WARNING * * *
The killer bee barely misses you. x2
You hit the killer bee but do no damage.
* * * LOW HITPOINT WARNING * * *
You feel sick.
The killer bee stings you but does no damage.
The killer bee stings you.
You die...

#...... ##..... ....
....'..... #### ....
....##...# #...#+ ... ...
#.#'# ......# #.. ..#
###.. ....... #'# #'#
#... .....yy####.# ##.#
#...
.....yyy@##.####..####...
......##y......)..†......
..... #..#############..(
##+# #.## #... ... ##..
#### ##. ##


You could see 6 killer bees.

Vanquished Creatures
  An ogre (D:5)
  2 phantoms
  2 scorpions
  A howler monkey (D:5)
  A hound (D:5)
  4 adders
  2 white imps (D:5)
  A worm (D:3)
  A dart slug (D:1)
  2 orcs (D:5)
  3 endoplasms
  2 giant cockroaches
  3 hobgoblins
  8 jackals
  A quokka (D:1)
  A ball python (D:3)
  7 bats
  4 frilled lizards
  4 rats
50 creatures vanquished.

Vanquished Creatures (others)
  2 fungi (D:1)
2 creatures vanquished.

Grand Total: 52 creatures vanquished

Notes
Turn   | Place    | Note
-------+----------+-------------------------------------------
     0 | D:1      | GigaChad the Troll Warper began the quest for the Orb.
     0 | D:1      | Reached XP level 1. HP: 19/19 MP: 1/1
   227 | D:1      | Reached XP level 2. HP: 21/28 MP: 2/2
   420 | D:1      | Found a faded altar of an unknown god.
   458 | D:1      | Prayed at the altar of an unknown god.
   458 | D:1      | Became a worshipper of the Wu Jian Council
   458 | D:1      | Reached * piety under Wu Jian
  1027 | D:2      | Reached XP level 3. HP: 35/35 MP: 3/3
  1400 | D:3      | Noticed a phantom
  1417 | D:3      | Killed a phantom
  1418 | D:3      | Reached skill level 3 in Unarmed Combat
  1418 | D:3      | Reached XP level 4. HP: 36/42 MP: 3/5
  1937 | D:4      | Found a staircase to the Ecumenical Temple.
  1950 | Temple   | Entered the Ecumenical Temple
  2070 | Temple   | Upgraded the game from 0.29-a0-320-g9f8742066b to
                  | 0.29-a0-321-gf1c400731a
  2702 | D:4      | Noticed a scorpion
  2713 | D:4      | Killed a scorpion
  2714 | D:4      | Reached skill level 1 in Throwing
  2714 | D:4      | Reached skill level 4 in Unarmed Combat
  2714 | D:4      | Reached XP level 5. HP: 47/49 MP: 6/6
  2851 | D:5      | Entered Level 5 of the Dungeon
  2867 | D:5      | Reached XP level 6. HP: 53/57 MP: 7/7
  2884 | D:5      | Reached skill level 1 in Stealth
  2916 | D:5      | Reached skill level 5 in Unarmed Combat
  2965 | D:5      | Reached XP level 7. HP: 30/66 MP: 8/8
  2988 | D:5      | HP: 2/66 [killer bee (5)]
  2989 | D:5      | Slain by a killer bee

Illustrated notes

Levels and vault maps discovered:
D:1:      shiori_arrival_maze, layout_basic, shapermc_ecumenical_altar_ellora,
          serial_shops, shop
D:2:      layout_loops_ring, kennysheep_generic_room_2
D:3:      layout_basic
D:4:      layout_layer_cave, nicolae_overflow_crystal_walls,
          minmay_temple_entry_mist, gup_sewer_entry_bowl, uniq_ijyb,
          uniq_crazy_yiuf_cottage, uniq_grinder
D:5:      nicolae_cairo_tiling_very_big, layout_rooms,
          biasface_ghost_orc_armoury
Temple:   minmay_temple_bridge_d

Skill      XL: |  1  2  3  4  5  6 |
---------------+-------------------+-----
Dodging        | 2 3 |  3.2
Fighting       | 2 |  2.3
Unarmed Combat | 3 4 5 |  5.3
Throwing       | 1 |  1.4
Stealth        | 1 |  1.1
Polearms       | |  0.6
Spellcasting   | |  1.3
Translocations | |  2.5

Action                   |  1- 3 |  4- 6 |  7- 9 || total
-------------------------+-------+-------+-------++-------
Melee: Unarmed           |   110 |    52 |       ||   162
       Punch             |     1 |     2 |       ||     3
       Trident           |       |    43 |     8 ||    51
Throw: Boomerang         |       |     7 |       ||     7
Invok: Whirlwind         |    13 |    22 |       ||    35
       Lunge             |     4 |     3 |       ||     7
  Use: Scroll            |     1 |     2 |       ||     3
 Stab: Sleeping          |     2 |       |       ||     2
Armor: Robe              |    49 |    31 |     9 ||    89
Dodge: Dodged            |    66 |    60 |    18 ||   144

Table legend: (Time is in decaauts)
 A = Elapsed time spent in this place.
 B = Non-inter-level travel time spent in this place.
 C = Inter-level travel time spent in this place.
 D = Time resting spent in this place.
 E = Time spent auto-exploring this place.
 F = Levels seen in this place.
 G = Mean time per level.
                   A        B        C        D        E       F      G
               +--------+--------+--------+--------+--------+-----+--------+
         Total |   2997 |   2553 |    444 |      0 |    122 |   6 |  499.5 |
       Dungeon |   2350 |   2236 |    114 |      0 |      3 |   5 |  470.0 |
        Temple |    647 |    317 |    330 |      0 |    119 |   1 |  647.0 |
               +--------+--------+--------+--------+--------+-----+--------+

Top non-repeatable levels by time:
     D:1: 855 daAuts
     D:3: 652 daAuts
  Temple: 647 daAuts
     D:4: 356 daAuts
     D:2: 338 daAuts
     D:5: 146 daAuts
